 Dungeon Crawl Stone Soup version 0.27.0-1-g7a08968 (webtiles) character file.

Game seed: 9970414279314732591

1687 tokuyamm9 the Chopper (level 9, 0/79 HPs)
             Began as a Hill Orc Fighter on Aug 14, 2021.
             Succumbed to a water moccasin's poison
             ... on level 6 of the Dungeon.
             The game lasted 00:15:21 (6002 turns).

tokuyamm9 the Chopper (Hill Orc Fighter)            Turns: 6002, Time: 00:15:22

Health: 0/79       AC:  9    Str: 21    XL:     9   Next: 2%
Magic:  9/9        EV: 12    Int:  8    God:
Gold:   316        SH: 11    Dex: 17    Spells: 8/8 levels left

rFire    . . .     SeeInvis .   a - +0 war axe
rCold    . . .     Faith    .   c - +0 kite shield
rNeg     . . .     Spirit   .   b - +0 scale mail
rPois    .         Reflect  .   (no helmet)
rElec    .         Harm     .   (no cloak)
rCorr    .         Rampage  .   (no gloves)
Will     .....                  i - +0 pair of boots
Stlth    ..........             (no amulet)
HPRegen  0.23/turn              f - +6 ring of dexterity
MPRegen  0.11/turn              s - +4 ring of evasion

@: lethally poisoned (0 -> -9)
A: no striking features
a: no special abilities


You were on level 6 of the Dungeon.
You visited 1 branch of the dungeon, and saw 6 of its levels.

You collected 376 gold pieces.
You spent 60 gold pieces at shops.

Inventory:

Hand Weapons
 a - a +0 war axe (weapon)
Missiles
 h - 3 throwing nets (quivered)
Armour
 b - a +0 scale mail (worn)
 c - a +0 kite shield (worn)
 e - a +2 pair of boots
 i - a +0 pair of boots (worn)
Jewellery
 f - a +6 ring of dexterity (left hand)
 j - a ring of protection from fire
 s - a +4 ring of evasion (right hand)
 w - a ring of magical power
Wands
 x - a wand of paralysis (7)
Scrolls
 g - 2 scrolls of immolation {unknown}
 m - 2 scrolls of amnesia {unknown}
 n - 2 scrolls of fear {unknown}
 q - a scroll of acquirement {unknown}
 r - a scroll of vulnerability {unknown}
 u - 2 scrolls of teleportation {unknown}
 v - 2 scrolls of magic mapping {unknown}
 y - a scroll of identify
Potions
 d - 2 potions of might
 k - a potion of heal wounds
 l - 3 potions of ambrosia
 o - a potion of berserk rage
 p - a potion of magic {unknown}
 t - 4 potions of curing


   Skills:
 + Level 7.6 Fighting
 + Level 7.8 Axes
 + Level 6.9 Armour
 + Level 6.9 Shields


You had 8 spell levels left.
You didn't know any spells.
Your spell library contained the following spells:

 Spells                   Type           Power      Damage    Failure   Level
 Passwall                 Tmut/Erth      0%         N/A       99%         2
 Conjure Flame            Conj/Fire      0%         6-21      100%        3
 Ignite Poison            Fire/Tmut/Pois 0%         N/A       100%        3
 Swiftness                Air            0%         N/A       100%        3
 Sticky Flame             Conj/Fire      0%         2d3       100%        4
 Invisibility             Hex            0%         N/A       100%        6


Dungeon Overview and Level Annotations

Branches:
Dungeon (6/15)
 Temple: D:4-7

Altars:
Okawaru

Shops:
D:4 ?   D:6 [


Message History

The water moccasin bites you. You block the howler monkey's attack.
You slash the howler monkey!
You kill the howler monkey!
You slash the water moccasin!
You feel sick. You block the water moccasin's attack.
The water moccasin bites you.
You are more poisoned.
The water moccasin poisons you!
You have reached level 9!
Your experience leads to an increase in your attributes!
Your base attributes are Str 20, Int 8, Dex 11.
Increase (S)trength, (I)ntelligence, or (D)exterity?
You feel stronger.
You feel very sick. The water moccasin bites you.
You see here a howler monkey corpse.
You feel very sick.
You feel sick.
You feel sick. You block the water moccasin's attack.
You feel sick.
You feel sick. The water moccasin bites you.
* * * LOW HITPOINT WARNING * * *
You are lethally poisoned!
The water moccasin poisons you!
* * * LOW HITPOINT WARNING * * *
You feel very sick.
You barely miss the water moccasin.
The water moccasin is severely wounded.
* * * LOW HITPOINT WARNING * * *
You feel very sick.
You block the water moccasin's attack. x2
You miss the water moccasin.
The water moccasin is severely wounded.
* * * LOW HITPOINT WARNING * * *
You feel very sick. You block the water moccasin's attack.
An orc wizard comes into view. It is wielding a +0 dagger.
The water moccasin bites you but does no damage.
You slash the water moccasin!
You kill the water moccasin!
You die...

#..#..# .#
#####..#.# .
.........#. ?#
..#####..#.$## #.#
..######.##$!.###S.#
#....# #..####....#
..##.# ##...o).####
..# # ######.######
..# #..@.SK# .##
######S# .# #.# .#
.# #.# .# .# #K##.##
.# #S#...# .#
#####l#...### ####.#
#...........# .....#
#.###........


You could see a kobold brigand, an orc wizard and 2 adders.

Vanquished Creatures
  Grinder (D:3)
  Menkaure (D:5)
  2 water moccasins
  A sky beast (D:4)
  An ogre (D:5)
  2 phantoms
  A kobold brigand (D:5)
  A bullfrog (D:6)
  3 scorpions
  A water moccasin skeleton (D:5)
  A wyvern skeleton (D:5)
  A howler monkey (D:6)
  2 bullfrog zombies
  3 hounds
  2 centaur skeletons
  2 jellies
  An orc priest (D:3)
  3 iguanas
  3 gnolls (D:4)
  2 adders
  A howler monkey skeleton (D:5)
  An ufetubus (D:6)
  2 dart slugs
  13 orcs
  5 endoplasms
  A giant cockroach (D:1)
  5 goblins
  4 hobgoblins
  13 jackals
  2 quokkas (D:2)
  7 ball pythons
  6 bats
  3 frilled lizards
  9 kobolds
  6 rats
112 creatures vanquished.

Notes
Turn   | Place    | Note
-------+----------+-------------------------------------------
     0 | D:1      | tokuyamm9 the Hill Orc Fighter began the quest for the Orb.
     0 | D:1      | Reached XP level 1. HP: 19/19 MP: 1/1
   351 | D:1      | Reached XP level 2. HP: 27/27 MP: 2/2
  1082 | D:2      | Reached XP level 3. HP: 31/33 MP: 3/3
  1100 | D:2      | Found an iron altar of Okawaru.
  1657 | D:3      | Reached XP level 4. HP: 38/40 MP: 4/4
  2140 | D:3      | Noticed Grinder
  2314 | D:4      | Found Rirchiss's Magic Scroll Shoppe.
  2316 | D:4      | Bought a scroll of identify for 20 gold pieces
  2316 | D:4      | Bought a scroll of identify for 20 gold pieces
  2316 | D:4      | Bought a scroll of identify for 20 gold pieces
  2356 | D:4      | Reached XP level 5. HP: 40/47 MP: 5/5
  2972 | D:4      | Reached skill level 5 in Fighting
  2973 | D:4      | Reached XP level 6. HP: 52/56 MP: 6/6
  3341 | D:3      | Killed Grinder
  3342 | D:3      | Reached skill level 5 in Axes
  3342 | D:3      | Reached skill level 5 in Shields
  3634 | D:5      | Entered Level 5 of the Dungeon
  3649 | D:5      | Reached skill level 5 in Armour
  3649 | D:5      | Reached XP level 7. HP: 42/62 MP: 7/7
  4448 | D:5      | Reached XP level 8. HP: 45/71 MP: 8/8
  5064 | D:5      | Noticed Menkaure
  5348 | D:5      | Killed Menkaure
  5777 | D:6      | Found Ewywoili's Armour Shop.
  5993 | D:6      | Reached XP level 9. HP: 30/79 MP: 9/9
  6001 | D:6      | HP: 2/79 [poisoned by a water moccasin]
  6002 | D:6      | Succumbed to a water moccasin's poison

Illustrated notes

Levels and vault maps discovered:
D:1:      ncdulo_smallfort, layout_loops_corners
D:2:      minmay_wonky_spiral, layout_basic, basic_altar, grunt_decor_arrowhead
D:3:      layout_rooms, uniq_grinder
D:4:      layout_cave_pools, serial_shops, shop, minmay_misc_feat_plants
D:5:      layout_rooms, minmay_diced_spiral, uniq_menkaure
D:6:      layout_loops_ring, mainiacjoe_overflow_small_starburst,
          nicolae_qazlal_scattered_showers, grunt_temple_overflow_open,
          nicolae_ossuary_entry_catacombs, serial_shops, shop, shop,
          nicolae_stop_n_shop_1, nicolae_shop_waterfront, kennysheep_little_box,
          portal_sewer_entry_a, minmay_alternating_orb

Skill      XL: |  1  2  3  4  5  6  7  8 |
---------------+-------------------------+-----
Axes           | 3 4 5 6 7 |  7.8
Fighting       | 4 5 6 7 |  7.6
Shields        | 4 5 6 |  6.9
Armour         | 4 5 6 |  6.9

Action                   |  1- 3 |  4- 6 |  7- 9 || total
-------------------------+-------+-------+-------++-------
Melee: War axe           |   120 |    89 |   173 ||   382
  Use: Scroll            |       |     2 |     2 ||     4
       Potion            |       |     1 |       ||     1
Armor: Scale mail        |    54 |    27 |    84 ||   165
Dodge: Dodged            |    37 |    48 |   107 ||   192
Block: Kite shield       |    66 |    58 |   120 ||   244
